 Dungeon Crawl Stone Soup version 0.29.1-2-gbd0b4ee654 (webtiles) character file.

Game seed: 14992890903736785308

70 concernfroge the Trooper (level 4, -2/38 HPs)
             Began as a Mummy Monk on Nov 13, 2022.
             Slain by a goblin
             ... wielding a +0 dagger
             ... led by Robin
              (4 damage)
             ... on level 2 of the Dungeon.
             The game lasted 00:03:56 (2101 turns).

concernfroge the Trooper (Mummy Monk)               Turns: 2101, Time: 00:03:57

Health: -2/38      AC:  2    Str: 16    XL:     4   Next: 4%
Magic:  4/4        EV: 12    Int:  9    God:
Gold:   73         SH:  0    Dex: 14    Spells: 3/3 levels left

rFire   x . .      SeeInvis .   g - +0 trident
rCold   + . .      Faith    .   (no shield)
rNeg    + + +      Spirit   .   b - +0 robe
rPois   ∞          Reflect  .   (no helmet)
rElec   .          Harm     .   (no cloak)
rCorr   .          Rampage  .   (no gloves)
Will    .....                   (no boots)
Stlth   ++........              (no amulet)
HPRegen 0.12/turn               (no ring)
MPRegen 0.09/turn               (no ring)

@: no status effects
A: cold resistance 1, negative energy resistance 3, torment resistance 2, heat
vulnerability 1, in touch with death 1, no potions
a: no special abilities


You were on level 2 of the Dungeon.
You visited 1 branch of the dungeon, and saw 3 of its levels.

You collected 73 gold pieces.

Inventory:

Hand Weapons
 d - a +0 antimagic short sword
 g - a +0 trident (weapon)
Armour
 b - a +0 robe (worn)
Scrolls
 c - 6 scrolls of identify
 e - 2 scrolls of vulnerability


   Skills:
 + Level 4.9 Fighting
 - Level 2.4 Polearms
 - Level 2.4 Dodging
 - Level 1.5 Stealth


You had 3 spell levels left.
You didn't know any spells.
Your spell library contained the following spells:

 Spells                   Type           Power      Damage    Failure   Level
 Sting                    Tmut/Pois      0%         1d3       38%         1
 Poisonous Vapours        Pois/Air       0%         N/A       52%         2
 Olgreb's Toxic Radiance  Pois           0%         N/A       99%         4


Dungeon Overview and Level Annotations

Branches:
Dungeon (3/15)

Altars:

Shops:
D:2 =

Annotations:
D:3 Grinder, Robin


Innate Abilities, Weirdness & Mutations

You are immune to poison.
Your flesh is cold resistant. (rC+)
You are immune to negative energy. (rN+++)
You are immune to unholy pain and torment.
You are vulnerable to heat. (rF-)
You are in touch with the powers of death.
You do not drink.


Message History

You climb downwards.
Level annotation: Grinder, Robin Robin shouts!
The hobgoblin shouts!
The goblin shouts! x2
The hobgoblin shouts!
The goblin shouts!
The hobgoblin shouts!
You hear a shout!
The goblin closely misses you. The hobgoblin hits you.
An endoplasm comes into view.
The goblin hits you with a +0 dagger. Robin throws the goblin at you!
The goblin hits you with a +0 club. The goblin completely misses you.
The hobgoblin barely misses you. The goblin hits you with a +0 dagger.
The goblin shouts!
The hobgoblin shouts!
There is a stone staircase leading up here.
You hear a shout!
Robin throws the goblin at you! The goblin hits you but does no damage.
The hobgoblin hits you but does no damage.
The hobgoblin misses you. The goblin hits you with a +0 club.
The goblin barely misses you. The goblin hits you with a +0 dagger.
You climb upwards.
There is a stone staircase leading down here.
You closely miss the goblin. The goblin barely misses you.
The goblin hits you but does no damage. The hobgoblin hits you.
The goblin misses you.
You barely miss the goblin. The goblin hits you with a +0 club. x2
The hobgoblin barely misses you. The goblin closely misses you.
You hit the goblin.
The goblin is severely wounded.
The goblin closely misses you. x2; The hobgoblin hits you.
* * * LOW HITPOINT WARNING * * *
The goblin hits you with a +0 dagger.
* * * LOW HITPOINT WARNING * * *
Okay, then.
You hit the goblin.
You kill the goblin!
The goblin hits you with a +0 club.
* * * LOW HITPOINT WARNING * * *
The hobgoblin hits you.
* * * LOW HITPOINT WARNING * * *
The goblin barely misses you. The goblin misses you.
The goblin hits you with a +0 dagger.
You die...

.#### #.# #)##........#####. ##
#.# #.........#.# ## # #.#
#####<......# # # #.# #.####### #
## #.# #####.##### ## .## #.####
#.........# ##. ..## #....#
#.###.###.# ##.. ...## ##.##.#
#g# #.##..# ##...
....####...#.###@###.#...####....
....'..........ggg..........'....
....####....#.##.........####....
...## ##.#...######.##.## ##...
..## ####.## #.#### ##.. .## #.#
#.# ##. ###### #.# #.# ## .....#
#.# #.# # ####.# #.# #.# #


You could see 2 hobgoblins and 2 goblins.

Vanquished Creatures
  Natasha (D:3)
  2 dart slugs
  5 orcs
  4 endoplasms
  A giant cockroach (D:2)
  7 goblins
  A hobgoblin (D:1)
  3 jackals (D:1)
  3 ball pythons
  2 bats (D:2)
  A frilled lizard (D:1)
  3 kobolds (D:2)
  4 rats
37 creatures vanquished.

Notes
Turn   | Place    | Note
-------+----------+-------------------------------------------
     0 | D:1      | concernfroge the Mummy Monk began the quest for the Orb.
     0 | D:1      | Reached XP level 1. HP: 18/18 MP: 1/1
   278 | D:1      | Reached XP level 2. HP: 23/24 MP: 2/2
   724 | D:2      | Reached skill level 4 in Fighting
   872 | D:2      | Found a faded altar of an unknown god.
  1015 | D:2      | Gained mutation: You are in touch with the powers of death.
                  | [Mummy growth]
  1015 | D:2      | Reached XP level 3. HP: 8/30 MP: 3/3
  1258 | D:2      | Found Direunt's Jewellery Emporium.
  1706 | D:3      | Noticed Robin
  2046 | D:3      | Noticed Natasha
  2051 | D:3      | Killed Natasha
  2052 | D:3      | Reached XP level 4. HP: 34/38 MP: 4/4
  2052 | D:3      | Noticed Grinder
  2101 | D:2      | Slain by a goblin

Illustrated notes

Levels and vault maps discovered:
D:1:      amcnicky_arrival_abandoned_market, layout_rooms
D:2:      layout_loops_corners, ebering_ecumenical_altar_hall, serial_shops,
          shop_fountains
D:3:      layout_loops_ring, lemuel_doored_altar, uniq_robin, uniq_natasha,
          uniq_terence, uniq_grinder

Skill      XL: |  1  2 |
---------------+-------+-----
Fighting       | 4 |  4.9
Polearms       | |  2.4
Dodging        | |  2.4
Stealth        | |  1.5

Action                   |  1- 3 |  4- 6 || total
-------------------------+-------+-------++-------
Melee: Spear             |   105 |       ||   105
       Trident           |    19 |     4 ||    23
  Use: Scroll            |     1 |       ||     1
 Stab: Sleeping          |     4 |       ||     4
Armor: Robe              |    14 |     4 ||    18
Dodge: Dodged            |    63 |    13 ||    76
